 Dungeon Crawl Stone Soup version 0.27.1-34-g3ba077fa99 (webtiles) character file.

Game seed: 12247458454198135865

415 AverageBear the Covert (level 6, -7/36 HPs)
             Began as a Vampire Fighter on Jan 11, 2022.
             Mangled by an iron imp (8 damage)
             ... summoned by Natasha
             ... on level 3 of the Dungeon.
             The game lasted 00:04:08 (4523 turns).

AverageBear the Covert (Vampire Fighter)            Turns: 4523, Time: 00:04:09

Health: -7/36      AC: 13    Str: 12 (15) XL:     6   Next: 60%
Magic:  6/6        EV:  6    Int: 10 (11) God:
Gold:   133        SH:  8    Dex: 13 (15) Spells: 5/5 levels left

rFire    . . .     SeeInvis +   e - +0 dagger (venom)
rCold    + + .     Faith    .   c - +0 kite shield
rNeg     + + +     Spirit   .   q - +4 scale mail
rPois    ∞         Reflect  .   h - +0 helmet
rElec    .         Harm     .   g - +0 cloak
rCorr    .         Rampage  .   (no gloves)
Will     .....                  l - +0 pair of boots
Stlth    +++++.....             (no amulet)
HPRegen  0.00/turn              (no ring)
MPRegen  0.10/turn              (no ring)

@: bloodless, inhibited regen, slowed, very slow
A: bloodless, fangs 3, see invisible, vampiric 2
a: Bat Form, Revivify


You were on level 3 of the Dungeon.
You visited 1 branch of the dungeon, and saw 4 of its levels.

You collected 133 gold pieces.

Inventory:

Hand Weapons
 a - a +0 rapier
 e - a +0 dagger of venom (weapon)
Armour
 c - a +0 kite shield (worn)
 g - a +0 cloak (worn)
 h - a +0 helmet (worn)
 l - a +0 pair of boots (worn)
 q - a +4 scale mail (worn)
Wands
 o - a wand of iceblast (7)
Scrolls
 i - a scroll of magic mapping
Potions
 d - a potion of might
 f - a potion of degeneration
 j - a potion of lignification
 m - a potion of cancellation


   Skills:
 - Level 2.6 Fighting
 - Level 2.1 Short Blades
 - Level 2.4 Armour
 + Level 1.8 Dodging
 - Level 10.1 Stealth
 - Level 2.6 Shields


You had 5 spell levels left.
You didn't know any spells.
Your spell library was empty.

Dungeon Overview and Level Annotations

Branches:
Dungeon (4/15)
 Temple: D:4-7

Altars:

Annotations:
D:3 Natasha
D:4 Blork the orc


Innate Abilities, Weirdness & Mutations

You do not regenerate when monsters are visible.
You are frail without blood (-20% HP).
You can heal yourself when you bite living creatures.
You are immune to poison.
You have razor-sharp teeth.
You have supernaturally acute eyesight. (SInv)
You are afflicted with vampirism and can become a bat while bloodless.


Message History

Natasha casts a spell.
Natasha casts a spell at you.
You feel as though you will be slow longer.
Natasha stares at you and mumbles some strange words.
You resist with some effort. You block Natasha's attack.
Your surroundings suddenly seem different.
You are no longer corroded.
You start resting.
You feel a bit more experienced.
Natasha, Servant of Life and Death comes into view.
You hit Natasha but do no damage.
Natasha is poisoned.
Natasha casts a spell.
You hit Natasha but do no damage.
Natasha looks as sick as possible!
Natasha is moderately wounded.
You block Natasha's attack.
The crimson imp hits you but does no damage.
You block Natasha's attack.
You closely miss Natasha.
Natasha is heavily wounded.
The crimson imp barely misses you. Natasha casts a spell at you.
The magic dart hits you.
* * * LOW HITPOINT WARNING * * *
The crimson imp hits you.
* * * LOW HITPOINT WARNING * * *
Natasha barely misses you.
You closely miss Natasha.
Natasha is severely wounded.
You block the crimson imp's attack.
Natasha casts a spell.
The crimson imp hits you but does no damage.
Natasha mumbles some strange words.
Unknown command.
You closely miss Natasha.
Natasha is severely wounded.
The crimson imp hits you.
* * * LOW HITPOINT WARNING * * *
Natasha casts a spell at you.
You feel as though you will be slow longer.
The iron imp hits you!
You die...

...........#.##...#### ###.###.#
####.#####.#.##......# #...# #.#
# #.# #.#.....#.#.# #.### #.# #
#.#####.###.#.....# #.# #.# #
#.##..........#.#.# #.# #.#
####.##.###..#...(...# #.# #.#
.....##.# #....#.##.## #.# #.#
........###...##h5..# #.# #.#
...####........5@########.# #..
...# ###..##.##.5........# #..
...######..##.##.########## #..
...........##.##.# #..
#..##########.##.####### #..
#.....#.......#........########..
#..####.########..............#..
#..# #.#..............########..
#..####.#..............# #..


You could see an iron imp (summoned), Natasha (very poisoned), a crimson imp
(summoned) and a shadow imp (summoned).

Vanquished Creatures
  An ogre (D:4)
  2 jellies (D:4)
  A gnoll shaman (D:3)
  An orc priest (D:3)
  Natasha (twice) (D:4 D:3)
  An iguana (D:4)
  An orc wizard (D:3)
  3 gnolls
  2 adders
  A worm (D:2)
  A dart slug (D:3)
  7 orcs
  8 ball pythons
  5 endoplasms
  A giant cockroach (D:1)
  3 goblins
  3 hobgoblins
  4 jackals (D:1)
  3 kobolds
  3 quokkas
  6 bats
  A frilled lizard (D:1)
  A rat (D:2)
61 creatures vanquished.

Notes
Turn   | Place    | Note
-------+----------+-------------------------------------------
     0 | D:1      | AverageBear the Vampire Fighter began the quest for the
                  | Orb.
     0 | D:1      | Reached XP level 1. HP: 17/17 MP: 1/1
    71 | D:1      | Reached skill level 1 in Stealth
   209 | D:1      | Reached skill level 2 in Stealth
   522 | D:1      | Reached XP level 2. HP: 16/18 MP: 2/2
   549 | D:1      | Reached skill level 3 in Stealth
  1370 | D:2      | Reached skill level 4 in Stealth
  1486 | D:2      | Gained mutation: You are afflicted with vampirism and can
                  | become a bat while bloodless. [Vampire growth]
  1486 | D:2      | Reached XP level 3. HP: 22/22 MP: 3/3
  1643 | D:2      | Reached skill level 5 in Stealth
  1931 | D:2      | Found a faded altar of an unknown god.
  2597 | D:3      | Reached skill level 6 in Stealth
  2597 | D:3      | Reached XP level 4. HP: 27/27 MP: 4/4
  2627 | D:2      | Reached skill level 7 in Stealth
  3418 | D:4      | Reached XP level 5. HP: 31/31 MP: 5/5
  3459 | D:4      | Noticed an ogre
  3478 | D:4      | Killed an ogre
  3479 | D:4      | Reached skill level 9 in Stealth
  3583 | D:4      | Noticed Blork the orc
  3592 | D:4      | Reached XP level 6. HP: 3/36 MP: 6/6
  4400 | D:4      | Noticed Natasha
  4419 | D:4      | Killed Natasha
  4420 | D:4      | Reached skill level 10 in Stealth
  4492 | D:4      | Noticed Natasha
  4503 | D:4      | Reached skill level 1 in Dodging
  4518 | D:3      | Killed Natasha
  4519 | D:3      | Noticed Natasha
  4523 | D:3      | HP: 1/36 [crimson imp[Natasha] (1)]
  4523 | D:3      | Mangled by an iron imp

Illustrated notes

Levels and vault maps discovered:
D:1:      lemuel_arrival_tunnels, layout_basic, hangedman_decor_peaks_small,
          nrook_mini_backslash, chequers_serial_rivers_micro_d,
          minmay_misc_feat_plants
D:2:      cheibrodos_helix_gallery, layout_rooms,
          shapermc_ecumenical_altar_pompeii
D:3:      layout_loops_ring, serial_co_window_serial, co_window_cross_1,
          co_window_paths_a, co_window_paths_a, co_window_paths_a,
          co_window_paths_a, co_window_corner_a, co_window_paths_a,
          co_window_of_opportunity_a, co_window_corner_a, co_window_broadway_c,
          co_window_broadway_a, co_window_unsneaky_path_b,
          co_window_unsneaky_path_e, co_window_2corner, co_window_cross_4,
          glass_columns_a
D:4:      layout_rooms, uniq_natasha, uniq_pikel, uniq_blork_the_orc

Skill      XL: |  1  2  3  4  5  6 |
---------------+-------------------+-----
Stealth        | 2 4 6 7 9 10 | 10.1
Dodging        | 1 |  1.8
Fighting       | |  2.6
Short Blades   | |  2.1
Armour         | |  2.4
Shields        | |  2.6

Action                   |  1- 3 |  4- 6 || total
-------------------------+-------+-------++-------
Melee: Rapier            |    18 |       ||    18
       Bite              |     8 |     9 ||    17
       Dagger            |    76 |    90 ||   166
 Abil: Exsanguinate      |     1 |       ||     1
  Use: Scroll            |     2 |     2 ||     4
       Potion            |       |     3 ||     3
 Stab: Sleeping          |    14 |     5 ||    19
Armor: Scale mail        |    34 |    40 ||    74
Dodge: Dodged            |    19 |    29 ||    48
Block: Kite shield       |    35 |    50 ||    85
